AoeStats
← Leon.Watch

Arabia

505873658Analyzed
3v3 RM · 20d ago on Sep 11, 2026· 16m 36s· 6 players
Game mode
Random Map
Map size
Normal (6 player)
Population
200
Speed
Normal
Resources
Standard
Victory
Conquest
Starting age
Dark Age
Ending age
Imperial Age
RankedLock teamsTeams togetherTeam positionsShared explorationLock speedFull tech treeHidden civsTurbo modeCheats
Victory
Defeat
🇫🇮 Persians · Finland
1902
+2
🇫🇷 Vikings · France
1656
+4
🇫🇷 Huns · France
1653
+5
🇨🇳 Wei · China
1410
-4
🇨🇳 Shu · China
1374
-4
🇨🇳 Wu · China
1356
-4
=)Svanhilde
9:12 Feudal Age
10:00 Double-Bit Axe
9:55 Horse Collar
10:50 Loom
10:55 Loom
17:15 Forging
The Get Sum
6:37 Loom
8:46 Feudal Age
11:22 Fletching
TheMax
7:17 Loom
9:31 Feudal Age
9:56 Double-Bit Axe
14:36 Fletching
Leon.Watch
8:14 Loom
10:42 Feudal Age
13:50 Fletching
ThompsonAK
6:37 Loom
9:45 Feudal Age
10:32 Double-Bit Axe
10:27 Horse Collar
ezer
6:38 Loom
9:03 Feudal Age
12:49 Fletching
Connection lost

Rejoining the realm…

Still unreachable

The connection could not be restored.

Session expired

The server has moved on; the page needs a fresh start.